 Dungeon Crawl Stone Soup version 0.26.1-2-gb8aa6d0cf2 (webtiles) character file.

Game seed: 10695960731729717958

735 jlumianski the Chopper (level 7, 0/64 HPs)
             Began as a Palentonga Fighter on Mar 17, 2021.
             Slain by a killer bee (7 damage)
             ... on level 4 of the Dungeon.
             The game lasted 00:24:01 (4649 turns).

jlumianski the Chopper (Palentonga Fighter)         Turns: 4649, Time: 00:24:02

Health: 0/64       AC: 13    Str: 22    XL:     7   Next: 45%
Magic:  7/7        EV: 25    Int:  8    God:
Gold:   282        SH:  9    Dex:  9    Spells: 6/6 levels left

rFire    . . .     SeeInvis +   a - +0 war axe
rCold    . . .     Faith    .   c - +0 kite shield
rNeg     . . .     Spirit   .   b - +0 scale mail
rPois    .         Reflect  .   (no helmet)
rElec    .         Harm     .   (no cloak)
rCorr    .         Rampage  .   (no gloves)
Will     +....                  (no barding)
Stlth    ..........             E - amulet of the acrobat
HPRegen  0.20/turn              C - +4 ring of evasion
MPRegen  0.10/turn              x - ring of willpower

@: lethally poisoned (0 -> -2), acrobat, studying Axes, curled up
A: large, rugged brown scales 3, see invisible, deformed body, roll 1, armoured
tail, reflexive curl
a: Rolling Charge


You were on level 4 of the Dungeon.
You visited 1 branch of the dungeon, and saw 5 of its levels.
You also visited: Sewer.

You collected 282 gold pieces.

Inventory:

Hand Weapons
 a - a +0 war axe (weapon)
 r - a +0 hand crossbow
Missiles
 e - 103 stones
 g - 19 poisoned darts (quivered)
 s - 13 bolts
 z - 3 boomerangs
Armour
 b - a +0 scale mail (worn)
 c - a +0 kite shield (worn)
Jewellery
 m - an uncursed ring of resist corrosion
 x - a ring of willpower (right hand)
 y - an uncursed ring of teleportation
 C - a +4 ring of evasion (left hand)
 E - an amulet of the acrobat (around neck)
Wands
 l - a wand of random effects (16)
 u - a wand of flame (20)
Scrolls
 f - 5 scrolls of teleportation
 h - 2 scrolls of remove curse
 n - 3 scrolls of fear
 p - a scroll of enchant weapon {unknown}
 B - a scroll of amnesia {unknown}
Potions
 d - 2 potions of might
 i - a potion of invisibility {unknown}
 k - 2 potions of magic
 o - a potion of curing {unknown}
 q - a potion of berserk rage {unknown}
 t - 2 potions of brilliance {unknown}
 v - a potion of heal wounds {unknown}
 A - 2 potions of ambrosia {unknown}
 D - a potion of lignification {unknown}
Books
 j - a manual of Axes


   Skills:
 + Level 4.4 Fighting
 + Level 6.9 Axes
 + Level 1.0 Throwing
 + Level 3.6 Armour
 + Level 1.4 Dodging
 + Level 0.1 Stealth
 + Level 3.7 Shields


You had 6 spell levels left.
You didn't know any spells.
Your spell library contained the following spells:

 Spells                   Type           Power        Failure   Level
 Animate Skeleton         Necr           0%           98%         1
 Pain                     Necr           0%           98%         1
 Vampiric Draining        Necr           0%           100%        3
 Animate Dead             Necr           0%           100%        4
 Agony                    Necr           0%           100%        5


Dungeon Overview and Level Annotations

Branches:
Dungeon (5/15)              Sewer (visited)
 Temple: D:4-7

Altars:

Shops:
D:4 }


Innate Abilities, Weirdness & Mutations

You are completely covered in rugged brown scales. (AC +3, +7% HP)
You have supernaturally acute eyesight. (SInv)
Armour fits poorly on your strangely shaped body.
You can roll at nearby foes to attack.
You have a long armoured tail.
You curl defensively after being hit.


Message History

You feel sick. The killer bee barely misses you.
You feel sick.
Found 3 javelins.
You feel sick. You block the killer bee's attack. The killer bee misses you.
An adder and a quokka come into view.
You feel sick.
The adder hisses angrily.
You block the killer bee's attack. The killer bee completely misses you.
You feel sick. You block the killer bee's attack.
You feel sick. You block the killer bee's attack. You block the adder's attack.
You feel sick. The killer bee completely misses you.
You feel sick. You block the killer bee's attack.
You feel sick.
An iguana comes into view.
The killer bee misses you.
You feel sick. You block the killer bee's attack.
You feel sick. The killer bee completely misses you. The killer bee misses you.
You block the iguana's attack.
You feel sick. The killer bee stings you!
You die...

#...#....#.# #.......<#.# ###
#......#.#.# ..#
.........#.#.# #.#
#.##.##..#.#.#
#.#...........)#.#
########.#....#.##..##...
#(rS.yyyl........#....... ..
##.#####@##.#.#..#...#.##
....###.# #....#....#......
.......y##########....#...###
.....##..r..............#.
.... #.###########..#########
### #......†......>.........
#......###########.#########
#..###.# #.# #. #.# #.#


You could see an iguana, 3 killer bees, an adder and a quokka.

Vanquished Creatures
  A phantom (D:4)
  3 big kobolds (Sewer)
  A scorpion (D:2)
  A killer bee (D:4)
  A hound (D:4)
  2 orc priests
  A bullfrog skeleton (D:4)
  An iguana (D:4)
  A worker ant (D:4)
  3 gnolls (D:1)
  3 adders
  A river rat (Sewer)
  2 oozes
  2 worms (Sewer)
  2 dart slugs (D:2)
  3 leopard geckos
  10 orcs
  5 bats
  3 giant cockroaches
  4 goblins
  9 hobgoblins
  6 jackals
  15 kobolds
  2 quokkas (D:3)
  4 ball pythons
  8 frilled lizards
  A leopard gecko skeleton (D:4)
  16 rats
111 creatures vanquished.

Vanquished Creatures (others)
  A fungus (D:1)
1 creature vanquished.

Grand Total: 112 creatures vanquished

Notes
Turn   | Place    | Note
-------+----------+-------------------------------------------
     0 | D:1      | jlumianski the Palentonga Fighter began the quest for the
                  | Orb.
     0 | D:1      | Reached XP level 1. HP: 20/20 MP: 1/1
    94 | D:1      | Reached XP level 2. HP: 25/27 MP: 2/2
   673 | D:2      | Noticed a scorpion
   686 | D:2      | Killed a scorpion
   687 | D:2      | Reached XP level 3. HP: 18/33 MP: 3/3
   687 | D:2      | Reached XP level 4. HP: 22/40 MP: 4/4
   954 | D:1      | Reached skill level 3 in Axes
  1624 | D:2      | Reached XP level 5. HP: 48/48 MP: 5/5
  1721 | D:3      | Identified a scroll of acquirement
  1721 | D:3      | Acquired a manual of Axes
  1942 | D:3      | Found a glowing drain.
  1948 | Sewer    | Entered a sewer
  1993 | Sewer    | Reached skill level 4 in Axes
  2171 | Sewer    | Reached skill level 5 in Axes
  2171 | Sewer    | Reached XP level 6. HP: 23/54 MP: 6/6
  3604 | D:4      | Reached skill level 1 in Throwing
  3720 | D:3      | Reached skill level 6 in Axes
  3773 | D:4      | Reached skill level 1 in Dodging
  3773 | D:4      | Gained mutation: You curl defensively after being hit.
                  | [Palentonga growth]
  3773 | D:4      | Reached XP level 7. HP: 39/63 MP: 7/7
  3811 | D:4      | Found Difios's Gadget Emporium.
  4613 | D:5      | Entered Level 5 of the Dungeon
  4649 | D:4      | Slain by a killer bee

Illustrated notes

Levels and vault maps discovered:
D:1:      dpeg_arrival_rooms_b, layout_loops_ring, minmay_shallow_snake_nest
D:2:      layout_rooms, mrwooster_statue_mirror, dk_noncrumbling_3,
          minmay_rat_gold_closets
D:3:      layout_basic, portal_sewer_entry_e, serial_aquarium,
          aquarium_bridge_square [aquarium_subvault_window,
          aquarium_subvault_bridge, aquarium_subvault_wall,
          aquarium_subvault_bridge], aquarium_bridge_square
          [aquarium_subvault_bridge, aquarium_subvault_wall,
          aquarium_subvault_window, aquarium_subvault_wall],
          aquarium_window_fake, aquarium_window_fake, aquarium_window_fake,
          aquarium_view_2e, aquarium_view_2a
D:4:      layout_basic, serial_shops, nicolae_shop_trees
D:5:      layout_gridville, minitemple, serial_shops, shop, shop, shop, shop,
          nicolae_gozag_seed_capital

Skill      XL: |  1  2  3  4  5  6 |
---------------+-------------------+-----
Shields        | 3 |  3.7
Axes           | 3 5 6 |  6.9
Armour         | 3 |  3.6
Throwing       | 1 |  1.0
Fighting       | 4 |  4.4
Dodging        | 1 |  1.4
Stealth        | |  0.1

Action                   |  1- 3 |  4- 6 |  7- 9 || total
-------------------------+-------+-------+-------++-------
Melee: War axe           |    64 |   231 |    42 ||   337
       Tailslap          |     6 |    26 |     4 ||    36
Throw: Dart              |     3 |    12 |       ||    15
 Abil: Rolling Charge    |     5 |    25 |     3 ||    33
Evoke: Wand              |       |       |     1 ||     1
  Use: Scroll            |       |     7 |     1 ||     8
Armor: Scale mail        |    36 |    84 |    15 ||   135
Dodge: Dodged            |    16 |    46 |    34 ||    96
Block: Kite shield       |    30 |   101 |    37 ||   168
